 Dungeon Crawl Stone Soup version 0.30-a0-576-g89cddaab80 (webtiles) character file.

Game seed: 10319837469582992541

1137 kae the Changer (level 8, -9/64 HPs)
             Began as a Demonspawn Transmuter on Dec 30, 2022.
             Mangled by a gnoll
             ... wielding a +0 halberd
             ... led by a gnoll bouda
              (10 damage)
             ... on level 5 of the Dungeon.
             The game lasted 00:05:47 (4149 turns).

kae the Changer (Demonspawn Transmuter)             Turns: 4149, Time: 00:05:48

Health: -9/64      AC:  6    Str:  9 (12) XL:     8   Next: 14%
Magic:  14/14      EV: 14    Int: 13 (16) God:
Gold:   89         SH:  0    Dex: 10 (13) Spells: 6/16 levels left

rFire   x . .      SeeInvis .      - Unarmed
rCold   + + +      Faith    .    (shield currently unavailable)
rNeg    . . .      Spirit   .    (body armour currently unavailable)
rPois   +          Reflect  .    (helmet currently unavailable)
rElec   .          Harm     .    (cloak currently unavailable)
rCorr   .          Rampage  .    (gloves currently unavailable)
Will    .....                    (boots currently unavailable)
Stlth   +                        e - amulet of magic regeneration
HPRegen 0.30/turn                E - +5 ring of evasion
MPRegen 0.54/turn                (no ring)

@: ice-form
A: freezing attack, amphibious, boosted hp, large, (molten scales 2), powered by
death 1, (spiny 1), (demonic touch 2)
a: End Transformation


You were on level 5 of the Dungeon.
You were a creature of crystalline ice.
You visited 1 branch of the dungeon, and saw 5 of its levels.
You also visited: Sewer.

You collected 89 gold pieces.


Innate Abilities, Weirdness & Mutations

You are a creature of crystalline ice.
You have a powerful freezing melee attack.
You are amphibious.
Your maximum health is increased.
Your armour is entirely melded.
You are incapable of wielding weapons or throwing items.
((You are mostly covered in molten scales. (AC +3)))
You regenerate a little health from kills.
((You are partially covered in sharp spines.))
((Your touch may inflict irresistible damage on your foes.))


   Skills:
 - Level 1.0 Fighting
 - Level 1.7 Dodging
 + Level 5.0 Unarmed Combat
 + Level 4.5 Spellcasting
 * Level 6.3 Transmutations
 * Level 1.0 Ice Magic
 - Level 1.5 Poison Magic


You had 6 spell levels left.
You knew the following spells:

 Your Spells              Type           Power      Damage    Failure   Level
a - Beastly Appendage     Tmut           38%        N/A       1%          1
b - Wereblood             Tmut           19%        N/A       2%          2
c - Spider Form           Tmut/Pois      13%        N/A       12%         3
d - Ice Form              Ice/Tmut       12%        N/A       41%         4

Your spell library contained the following spells:

 Spells                   Type           Power      Damage    Failure   Level
 Slow                     Hex            8%         N/A       21%         1
 Ozocubu's Armour         Ice            5%         N/A       36%         3
 Confusing Touch          Hex            2%         N/A       52%         3
 Vampiric Draining        Necr           2%         2d6       52%         3
 Ozocubu's Refrigeration  Ice            2%         4d8       100%        7

Inventory:

Missiles
 b - 4 boomerangs
 d - 20 poisoned darts
 l - 4 silver boomerangs
 n - 6 atropa-tipped darts
 q - a stone
 r - a curare-tipped dart {=f}
 y - a throwing net {=f!f}
Armour
 a - a +1 robe (melded)
Jewellery
 e - an amulet of magic regeneration (around neck)
   (You found it on level 1 of the Dungeon)
 g - a ring of willpower
   (You took it off an orc on level 3 of the Dungeon)
 E - a +5 ring of evasion (left front paw)
   (You found it on level 2 of the Dungeon)
Wands
 p - a wand of flame (7)
   (You took it off Ijyb on level 3 of the Dungeon)
 u - a wand of digging (3)
   (You took it off Natasha on level 3 of the Dungeon)
 w - a wand of mindburst (25)
   (You found it on level 4 of the Dungeon)
Scrolls
 c - a scroll of enchant weapon
 h - 3 scrolls of teleportation {@r4}
 j - a scroll of enchant armour
Potions
 f - 2 potions of flight
 i - a potion of haste {@q3}
 k - 2 potions of mutation {!q}
 m - a potion of attraction {!q}
 o - a potion of curing {@q1}
 s - a potion of magic
 t - a potion of might
 x - a potion of brilliance {unknown}

Dungeon Overview and Level Annotations

Branches:
Dungeon (5/15) Zot: 26265   Sewer (visited)
 Temple: D:4-7

Altars:
Dithmenos

Shops:
D:2 *   D:3 [

Annotations:
D:5 Grinder

#.<.# .. ###.#
...### #))#
......####.## .
#...#..# ...
###...##
##..##....## #
..........#....
......5Y.g......
......5.........
##.......g......
.....<..........
...........o....
................
...........)....
...#...........


You could see Grinder, 2 gnolls, a shadow imp and an orc.


Message History

You howl as the wereblood boils in your veins!
Grinder shouts!
The gnoll bouda shouts!
The gnoll bouda moves out of view.
You see here a +0 club.
There is a stone staircase leading up here.
Your primal bloodlust is almost over.
You start waiting.
Your transformation is almost over.
A gnoll bouda is nearby!
You howl as the wereblood boils in your veins!
You hear a bark!
The gnoll bouda barely misses you.
Grinder blinks!
You hear a shout!
You barely miss the gnoll bouda.
The gnoll bouda hits you with a +0 whip.
You punch the gnoll bouda! You freeze the gnoll bouda.
The gnoll bouda hits you with a +0 whip. 😕 HP[-9]
You take 9 damage, and now have 55/64 hp.
You hit the gnoll bouda. You freeze the gnoll bouda.
The gnoll bouda barely misses you.
You punch the gnoll bouda! You freeze the gnoll bouda.
You feel a bit better.
You kill the gnoll bouda!
Your primal bloodlust has ended.
Your Ice Magic skill increases to level 1! 😕 HP[+2]
You regained 2 hp, and now have 57/64 hp.
You see here a +0 club.
Grinder blinks!
Grinder blinks!
No target in view! 😕 HP[+1] No target in view!
No target in view!
You warm up again.
Your +1 robe unmelds from your body. 😕 HP[-9]
You now have 54 max hp (-10).
Unknown command.
Casting: Wereblood (safe; 1% risk of failure)
Confirm with . or Enter, or press ? or * to list all spells.
The spell is quite dangerous to miscast (34% risk of failure)!
Continue anyway? [Y]es or [N]o only, please.
The spell is quite dangerous to miscast (34% risk of failure)!
Continue anyway?
You turn into a creature of crystalline ice.
Your +1 robe melds into your body. 😕 HP[+9] MP[-4]
You now have 64 max hp (+10).
You regained 9 hp, and now have 58/64 hp.
You lost 4 mp, and now have 10/14 mp. 😕 HP[+1] MP[+1] 😕 MP[+1]
A shadow imp comes into view.
The gnoll shouts!
You hear a shout!
Grinder gestures at you.
You resist with some effort. 😕 HP[+1] MP[+1]
The shadow imp shouts, "Get thee gone, thou obnoxious weather-bitten fustilarian!"
You hit Grinder. Grinder hits you!
You hit Grinder. Grinder hits you but does no damage.
The shadow imp gestures at you.
Pain shoots through your body! 😕 HP[-11] MP[+1]
You take 11 damage, and now have 49/64 hp.
Your mp is fully restored (14).
You punch Grinder! You completely miss Grinder.
Grinder barely misses you. 😕 HP[+1]
You hit Grinder. Grinder barely misses you. The gnoll closely misses you.
The shadow imp picks up a beetle and eats it.
You punch Grinder! Grinder gestures at you. Pain shoots through your body!
The gnoll hits you from afar with a +0 halberd.
The gnoll hits you from afar with a +0 halberd!
* * * LOW HITPOINT WARNING * * *
😨 HP[-26]
You take 26 damage, and now have 24/64 hp.
MASSIVE DAMAGE!! (PAUSE)
You completely miss Grinder.
The gnoll hits you from afar with a +0 halberd!
* * * LOW HITPOINT WARNING * * *
The gnoll hits you from afar with a +0 halberd!
* * * LOW HITPOINT WARNING * * *
Grinder gestures at you. You resist with some effort.
The shadow imp grinds its teeth.
The shadow imp hits you.
* * * LOW HITPOINT WARNING * * *
😱 HP[-23]
You take 23 damage, and now have 1/64 hp.
MASSIVE DAMAGE!! (PAUSE) Unknown command.
Okay, then.
It was a potion of degeneration.
There was something very wrong with that liquid.
You feel weakened.
You feel dopey.
You feel clumsy. The gnoll completely misses you. Grinder closely misses you.
The gnoll hits you from afar with a +0 halberd!
You die...

Skill      XL: |  1  2  3  4  5  6  7  8 |
---------------+-------------------------+-----
Transmutations | 2 3 4 6 |  6.3
Unarmed Combat | 3 4 5 |  5.0
Poison Magic   | 1 |  1.5
Spellcasting   | 3 4 |  4.5
Ice Magic      | 1 |  1.0
Fighting       | |  1.0
Dodging        | |  1.7

Action                   |  1- 3 |  4- 6 |  7- 9 || total
-------------------------+-------+-------+-------++-------
Melee: Unarmed           |   108 |   146 |   155 ||   409
       Headbutt          |    11 |     5 |       ||    16
       Kick              |    10 |     5 |       ||    15
       Punch             |     3 |       |       ||     3
       Touch             |     5 |    11 |     5 ||    21
 Cast: Beastly Appendage |    24 |     8 |       ||    32
       Spider Form       |     3 |     8 |    17 ||    28
       Wereblood         |       |     1 |     3 ||     4
       Ice Form          |       |       |     3 ||     3
  Use: Scroll            |     5 |     8 |     4 ||    17
       Potion            |       |     2 |     1 ||     3
 Stab: Sleeping          |     1 |     1 |       ||     2
Armor: Robe              |    29 |    12 |     6 ||    47
       Skin              |     3 |    34 |     6 ||    43
Dodge: Dodged            |    88 |   123 |   143 ||   354

Levels and vault maps discovered:
D:1:      spicycebolla_arrival_ecumenical, layout_basic, columned_hall_lemuel,
          chequers_serial_rivers_micro_d, amcnicky_mini_rare_corridor_liquid
D:2:      layout_basic, serial_shops, shop
D:3:      layout_rooms, serial_shops, nicolae_shop_statue_plus,
          gup_sewer_entry_bubbles, kennysheep_generic_room_6, uniq_ijyb,
          uniq_natasha
D:4:      layout_layer_cave, mainiacjoe_overflow_alcove_2,
          hellmonk_ghost_happy_afterlife, uniq_robin
D:5:      layout_rooms, nemelex_diamond_rough_becter, lemuel_blue_sif_altar,
          nicolae_wu_jian_wuxing_cycle, chequers_temple_overflow_minitemple,
          nicolae_hepliaklqana_monster_ancestors, uniq_grinder

Notes
Turn   | Place    | Note
-------+----------+-------------------------------------------
     0 | D:1      | kae the Demonspawn Transmuter began the quest for the Orb.
     0 | D:1      | Reached XP level 1. HP: 15/15 MP: 3/3
     0 | D:1      | magus.rc [v1.11.3]
   100 | D:1      | Reached skill level 2 in Transmutations
   189 | D:1      | Gained mutation: You are partially covered in molten
                  | scales. (AC +2) [demonic ancestry]
   189 | D:1      | Reached XP level 2. HP: 21/21 MP: 3/5
   888 | D:2      | Reached skill level 3 in Unarmed Combat
  1033 | D:2      | You add the spells Ozocubu's Armour and Ozocubu's
                  | Refrigeration to your library.
  1076 | D:2      | Gained mutation: Your touch may inflict minor irresistible
                  | damage on your foes. [demonic ancestry]
  1076 | D:2      | Reached XP level 3. HP: 26/26 MP: 6/6
  1084 | D:2      | Learned a level 3 spell: Spider Form
  1183 | D:2      | Learned a level 2 spell: Wereblood
  1214 | D:2      | Found Afahom's Assorted Antiques.
  1596 | D:2      | Reached skill level 3 in Transmutations
  1884 | D:3      | Noticed Ijyb
  1892 | D:3      | Gained mutation: You regenerate a little health from kills.
                  | [demonic ancestry]
  1892 | D:3      | Reached XP level 4. HP: 32/32 MP: 2/7
  1897 | D:3      | Killed Ijyb
  1917 | D:3      | Reached skill level 1 in Poison Magic
  1965 | D:3      | Gained mutation: Your touch may inflict irresistible damage
                  | on your foes. [demonic ancestry]
  1965 | D:3      | Reached XP level 5. HP: 37/37 MP: 9/9
  2041 | D:3      | Found a glowing drain.
  2047 | Sewer    | Entered a sewer
  2070 | Sewer    | Reached skill level 3 in Spellcasting
  2134 | Sewer    | Reached skill level 4 in Transmutations
  2134 | Sewer    | Gained mutation: You are mostly covered in molten scales.
                  | (AC +3) [demonic ancestry]
  2134 | Sewer    | Reached XP level 6. HP: 29/43 MP: 10/10
  2149 | Sewer    | Reached skill level 4 in Unarmed Combat
  2460 | D:3      | Found Toegebb's Antique Armour Boutique.
  2482 | D:3      | Noticed Natasha
  2510 | D:3      | Reached XP level 7. HP: 48/48 MP: 12/12
  2519 | D:3      | Killed Natasha
  2520 | D:3      | Reached skill level 5 in Transmutations
  2524 | D:3      | Noticed Natasha
  2530 | D:3      | Killed Natasha
  2602 | D:3      | Noticed Natasha
  2614 | D:3      | Killed Natasha
  2914 | D:3      | Identified the +8 dagger of Hereke {flame, rElec Dex+3}
  2975 | D:4      | Reached skill level 4 in Spellcasting
  3191 | D:4      | You pick up a book of Debilitation and begin reading...
  3191 | D:4      | You add the spells Slow, Vampiric Draining and Confusing
                  | Touch to your library.
  3215 | D:4      | Noticed Robin
  3231 | D:4      | Killed Robin
  3350 | D:4      | Reached skill level 6 in Transmutations
  3401 | D:4      | Found a runed translucent door.
  3401 | D:4      | Noticed Gruesome's ghost (weakling DgAE)
  3413 | D:4      | Gained mutation: You are partially covered in sharp spines.
                  | [demonic ancestry]
  3413 | D:4      | Reached XP level 8. HP: 19/54 MP: 8/14
  3529 | D:4      | Learned a level 4 spell: Ice Form
  3843 | D:4      | Found a shadowy altar of Dithmenos.
  4047 | D:4      | Killed Gruesome's ghost
  4048 | D:4      | Reached skill level 5 in Unarmed Combat
  4083 | D:5      | Entered Level 5 of the Dungeon
  4115 | D:5      | Noticed Grinder
  4132 | D:5      | Reached skill level 1 in Ice Magic
  4148 | D:5      | HP: 13/64 [gnoll/+0 halberd[a gnoll bouda] (11)]
  4148 | D:5      | HP: 2/64 [gnoll/+0 halberd[a gnoll bouda] (11)]
  4149 | D:5      | Mangled by a gnoll

Vanquished Creatures
  3 ogres (D:4)
  3 kobold brigands (Sewer)
  The ghost of Gruesome the Gusty, a weakling DgAE (D:4)
  A gnoll bouda (D:5)
  An orc priest (D:4)
  Ijyb (D:3)
  Natasha (thrice) (D:3)
  3 orc wizards (D:3)
  2 iguanas (D:4)
  Robin (D:4)
  2 gnolls (D:5)
  A river rat (Sewer)
  17 adders
  An ufetubus (D:4)
  5 worms
  A dart slug (D:2)
  15 orcs
  9 endoplasms
  6 giant cockroaches
  5 hobgoblins
  11 jackals
  5 kobolds
  5 quokkas
  10 ball pythons
  9 bats
  2 frilled lizards
  16 goblins
  10 rats
149 creatures vanquished.

Table legend:
 A = Non-vault XP
 B = Vault XP
 C = Vault XP percentage of total XP
 D = Non-vault monster count
 E = Vault monster count
 F = Vault count percentage of total count
                 A         B        C        D         E       F
            +---------+---------+-------+---------+---------+-------
      Total |    1013 |     612 |  37.7 |     105 |      44 |  29.5
            +---------+---------+-------+---------+---------+-------
        D:1 |      29 |       0 |   0.0 |      18 |       0 |   0.0
        D:2 |      54 |       0 |   0.0 |      21 |       0 |   0.0
        D:3 |     293 |     122 |  29.4 |      33 |      10 |  23.3
        D:4 |     569 |      91 |  13.8 |      30 |      13 |  30.2
        D:5 |      68 |       0 |   0.0 |       3 |       0 |   0.0
      Sewer |       0 |     399 | 100.0 |       0 |      21 | 100.0
            +---------+---------+-------+---------+---------+-------

Illustrated notes

Table legend:
 A = Kills in this place as a percentage of kills in entire the game.
 B = Kills by you in this place as a percentage of kills by you in the entire game.
 C = Kills by friends in this place as a percentage of kills by friends in the entire game.
 D = Other kills in this place as a percentage of other kills in the entire game.
 E = Experience gained in this place as a percentage of experience gained in the entire game.
 F = Experience gained in this place divided by the number of levels of this place that you have seen.
                   A       B       C       D       E      F
               +-------+-------+-------+-------+-------+----------------------
         Total | 100.0 | 100.0 |   N/A |   N/A | 100.0 | 270.8
       Dungeon |  85.9 |  85.9 |   N/A |   N/A |  75.4 | 245.2
         Sewer |  14.1 |  14.1 |   N/A |   N/A |  24.6 | 399.0
               +-------+-------+-------+-------+-------+----------------------

Table legend: (Time is in decaauts)
 A = Elapsed time spent in this place.
 B = Non-inter-level travel time spent in this place.
 C = Inter-level travel time spent in this place.
 D = Time resting spent in this place.
 E = Time spent auto-exploring this place.
 F = Levels seen in this place.
 G = Mean time per level.
                   A        B        C        D        E       F      G
               +--------+--------+--------+--------+--------+-----+--------+
         Total |   4198 |   4018 |    180 |     85 |   2793 |   6 |  699.7 |
       Dungeon |   3733 |   3553 |    180 |     85 |   2533 |   5 |  746.6 |
         Sewer |    465 |    465 |      0 |      0 |    260 |   1 |  465.0 |
               +--------+--------+--------+--------+--------+-----+--------+

Top non-repeatable levels by time:
     D:4: 1119 daAuts
     D:2: 962 daAuts
     D:1: 876 daAuts
     D:3: 710 daAuts
   Sewer: 465 daAuts
     D:5: 64 daAuts
